 Dungeon Crawl Stone Soup version 0.16.0-17-g811c1d7 (webtiles) character file.

635 DogShitOnMyToe the Fighter (level 7, -5/70 HPs)
             Began as a Minotaur Fire Elementalist on Mar 21, 2015.
             Was a Follower of Qazlal.
             Killed from afar by Natasha (9 damage)
             ... with a magic dart
             ... on level 4 of the Dungeon.
             The game lasted 00:06:53 (3668 turns).

DogShitOnMyToe the Fighter (MiFE)                   Turns: 3668, Time: 00:06:54

Health: -5/70      AC:  5    Str: 15    XL:     7   Next: 25%
Magic:  6/6        EV: 11    Int: 12    God:    Qazlal [*.....]
Gold:   138        SH:  1    Dex: 10    Spells: 1 memorised, 7 levels left

rFire  . . .     SeeInvis .     A - +3 halberd (freeze) (curse)
rCold  . . .     Clarity  .     n - +0 ring mail (curse)
rNeg   . . .     SustAb   .     (no shield)
rPois  .         Gourm    .     (helmet restricted)
rElec  .         Spirit   .     (no cloak)
rCorr  .         Warding  .     (no gloves)
rMut   .         Stasis   .     (no boots)
MR     .....                    (no amulet)
Stlth  +.........               (no ring)
                                (no ring)

@: slowed, very slow, not resistant to hostile enchantments, very unstealthy
A: retaliatory headbutt, horns 2
a: Renounce Religion


You were on level 4 of the Dungeon.
You worshipped Qazlal.
Qazlal was aware of your devotion.
You were not hungry.

You visited 1 branch of the dungeon, and saw 4 of its levels.

You collected 138 gold pieces.

Inventory:

Hand weapons
 k - a +2 dagger of protection
 v - a +0 flail
 y - a +2 scimitar
 A - a cursed +3 halberd of freezing (weapon)
Armour
 a - a +0 robe
 n - a cursed +0 ring mail (worn)
Magical devices
 u - a wand of cold (6)
Scrolls
 d - 3 scrolls of teleportation {unknown}
 h - 7 scrolls of identify {unknown}
 i - a scroll of random uselessness {unknown}
 j - 2 scrolls of amnesia {unknown}
 o - a scroll of fog {unknown}
 q - a scroll of fear {unknown}
 w - 2 scrolls of blinking {unknown}
 x - 2 scrolls of remove curse {unknown}
 D - a scroll of enchant armour {unknown}
Potions
 e - 3 potions of heal wounds {unknown}
 f - a potion of curing {unknown}
 l - a potion of might {unknown}
 m - a potion of resistance {unknown}
 p - 2 potions of mutation {unknown}
 r - 2 potions of restore abilities {unknown}
 t - a potion of poison {unknown}
 z - a potion of degeneration {unknown}
 C - a potion of agility {unknown}
Books
 b - a book of Flames

   Spells                             Type                      Level
   a - Flame Tongue                   Conjuration/Fire             1
   b - Throw Flame                    Conjuration/Fire             2
   c - Conjure Flame                  Conjuration/Fire             3
   d - Inner Flame                    Hexes/Fire                   3
   e - Sticky Flame                   Conjuration/Fire             4
   f - Fireball                       Conjuration/Fire             5
Comestibles
 c - 4 bread rations
 g - 2 beef jerkies
 s - a meat ration
 B - 6 chunks of flesh


   Skills:
 + Level 9.3 Fighting
 - Level 2.2 Dodging
 - Level 1.5 Stealth
 - Level 1.3 Spellcasting
 - Level 0.6 Conjurations
 - Level 2.2 Fire Magic


You had 7 spell levels left.
You knew the following spells:

 Your Spells              Type           Power        Failure   Level  Hunger
a - Flame Tongue          Conj/Fire      #....        34%         1    ##.....


Dungeon Overview and Level Annotations

Branches:
Dungeon (4/15)
 Temple: D:4-7

Altars:
Qazlal

Annotations:
D:4 Edmund, Natasha


Innate Abilities, Weirdness & Mutations

You reflexively headbutt those who attack you in melee.
You have a pair of horns on your head.


Message History

* * * LOW HITPOINT WARNING * * *
The white imp hits you but does no damage.
Natasha hisses.
Natasha stares at you and mumbles some strange words.
You resist with some effort.
You are too injured to fight recklessly!
As you open the door, it creaks loudly!
The white imp hits you but does no damage.
Natasha barely misses you.
The white imp hits you but does no damage.
Natasha claws you but does no damage.
Edmund zaps a wand.
The magic dart hits you!
* * * LOW HITPOINT WARNING * * *
The white imp gestures at you. The puff of frost hits you!
* * * LOW HITPOINT WARNING * * *
You hear a sizzling sound!
Natasha stares at you and mumbles some strange words.
The magic dart hits you!
You die...

.... ############# #...
#...##...##..
.##...##+####...##...##..
...........'..............
...........#..............
.......@...#..........>...
.....%..h...#..............
........5§..#..............
...##...##@####...##.#+##.†
#... #..# ##+###+# #..
..... #...# ... .......
#...# #... ...... +...+
+... ##... #...# #... #...
#...# ... . ....# #..


You could see Edmund, Natasha and a white imp.

Vanquished Creatures
  An ogre (D:4)
  Sigmund (D:4)
  4 wights (D:3)
  A worker ant (D:4)
  A centaur skeleton (D:4)
  4 orc wizards (D:3)
  An iguana (D:4)
  3 adders
  3 worms
  6 giant geckos
  An ooze (D:2)
  6 orcs (D:3)
  2 ball pythons
  A bat skeleton (D:4)
  8 giant cockroaches
  8 goblins
  5 hobgoblins
  5 jackals
  8 kobolds
  2 quokkas
  12 bats
  A giant gecko skeleton (D:4)
  4 giant newts
  5 rats
93 creatures vanquished.

Notes
Turn   | Place    | Note
--------------------------------------------------------------
     0 | D:1      | DogShitOnMyToe, the Minotaur Fire Elementalist, began the quest for the Orb.
     0 | D:1      | Reached XP level 1. HP: 14/14 MP: 2/2
   305 | D:1      | Reached skill level 1 in Fighting
   481 | D:1      | Reached XP level 2. HP: 18/24 MP: 1/2
  1416 | D:2      | Reached skill level 3 in Fighting
  1451 | D:2      | Reached XP level 3. HP: 26/31 MP: 3/3
  1686 | D:2      | Found a stormy altar of Qazlal.
  1837 | D:2      | Reached skill level 4 in Fighting
  1931 | D:2      | Reached XP level 4. HP: 40/40 MP: 4/4
  2159 | D:2      | Became a worshipper of Qazlal Stormbringer
  2297 | D:3      | Reached skill level 5 in Fighting
  2362 | D:3      | Reached XP level 5. HP: 28/50 MP: 4/4
  2367 | D:3      | Reached skill level 6 in Fighting
  2673 | D:3      | Reached skill level 7 in Fighting
  2673 | D:3      | Reached XP level 6. HP: 36/60 MP: 5/5
  3324 | D:4      | Reached skill level 8 in Fighting
  3566 | D:4      | Noticed Sigmund
  3569 | D:4      | Killed Sigmund
  3569 | D:4      | Reached XP level 7. HP: 58/69 MP: 6/6
  3574 | D:4      | Reached skill level 9 in Fighting
  3588 | D:4      | Acquired Qazlal's first power
  3660 | D:4      | Noticed Natasha
  3661 | D:4      | Noticed Edmund
  3668 | D:4      | Killed from afar by Natasha

Action                   |  1- 3 |  4- 6 |  7- 9 || total
-------------------------+-------+-------+-------++-------
Melee: Whip              |    39 |       |       ||    39
       Unarmed           |     7 |       |       ||     7
       Dagger            |    53 |    78 |       ||   131
       Flail             |       |    11 |       ||    11
       Scimitar          |       |     6 |       ||     6
       Halberd           |       |    35 |    17 ||    52
 Cast: Flame Tongue      |     5 |       |       ||     5
 Stab: Sleeping          |     2 |       |       ||     2
  Eat: Chunk             |     3 |     6 |       ||     9
